AoeStats
← Sp00ky

Arabia

508925952Analyzed
1v1 RM · 6d ago on Sep 24, 2026· 35m 20s· 2 players
Game mode
Random Map
Map size
Tiny (2 player)
Population
200
Speed
Normal
Resources
Standard
Victory
Conquest
Starting age
Dark Age
Ending age
Imperial Age
RankedLock teamsTeams togetherTeam positionsShared explorationLock speedFull tech treeHidden civsTurbo modeCheats
Victory
Defeat
🇦🇷 Burgundians · Argentina
987
+16
🇦🇷 Poles · Argentina
980
-16
Sp00ky
6:18 Loom
9:24 Feudal Age
10:23 Double-Bit Axe
10:07 Man-at-Arms
11:14 Horse Collar
12:18 Arson
17:06 Stone Mining
18:31 Fletching
20:25 Wheelbarrow
24:10 Castle Age
22:43 Padded Archer Armor
23:56 Gold Mining
28:26 Bodkin Arrow
28:47 Leather Archer Armor
30:15 Thumb Ring
33:47 Forging
33:37 Scale Mail Armor
34:21 Ballistics
ChoRi-Wolo.gg
4:24 Loom
10:14 Feudal Age
11:07 Man-at-Arms
13:11 Double-Bit Axe
16:29 Wheelbarrow
16:39 Horse Collar
18:24 Scale Barding Armor
18:20 Scale Mail Armor
19:17 Forging
18:57 Arson
21:41 Castle Age
22:11 Heavy Plow
22:24 Bow Saw
23:41 Cavalier
24:23 Husbandry
28:41 Chain Barding Armor
28:57 Iron Casting
28:23 Padded Archer Armor
28:45 Elite Skirmisher
29:59 Fletching
Connection lost

Rejoining the realm…

Still unreachable

The connection could not be restored.

Session expired

The server has moved on; the page needs a fresh start.